 Dungeon Crawl Stone Soup version 0.30-a0-939-gc8157cb160 (webtiles) character file.

Game seed: 15879955923897515556

283321 Slimysquid the Warrior (level 20, -2/139 HPs)
             Began as a Gargoyle Fighter on Mar 22, 2023.
             Was a High Priest of Okawaru.
             Slain by a vault warden
             ... wielding a +0 bardiche
              (40 damage)
             ... on level 4 of the Vaults on Mar 25, 2023.
             The game lasted 06:01:07 (39342 turns).

Slimysquid the Warrior (Gargoyle Fighter)          Turns: 39342, Time: 06:01:09

Health: -2/139     AC: 57    Str: 24    XL:     20   Next: 55%
Magic:  22/28      EV: 13    Int: 15    God:    Okawaru [*****.]
Gold:   2524       SH: 23    Dex: 11    Spells: 19/19 levels left

rFire   . . .      SeeInvis +    C - +7 sceptre of Torment {pain, torment}
rCold   + . .      Faith    .    U - +3 kite shield {AC+3}
rNeg    + . .      Spirit   .    w - +7 plate armour {rC+}
rPois   ∞          Reflect  +    s - +2 helmet
rElec   +          Rampage  .    O - +0 cloak
rCorr   .                        G - +2 pair of gloves of Okawaru's Fury {Int+3 Stlth+}
Will    +++..                    S - +2 pair of boots of the Golden Sturgeon {SInv} Stlth
                                 c - amulet of reflection
HPRegen 0.43/turn                F - ring of willpower
MPRegen 0.21/turn                V - ring of willpower

@: heroic, finesse-ful, flying
A: sickness immunity, AC +15, big wings, negative energy resistance 1,
electricity resistance, torment resistance 1, petrification resistance
}: 2/15 runes: decaying, gossamer
a: Renounce Religion, Heroism, Finesse, Duel


You were on level 4 of the Vaults.
You worshipped Okawaru.
Okawaru was extremely pleased with you.
You visited 7 branches of the dungeon, and saw 35 of its levels.

You collected 3378 gold pieces.
You spent 854 gold pieces at shops.

Inventory:

Hand Weapons
 C - the +7 sceptre of Torment (weapon) {pain, torment}
   (Okawaru gifted it to you on level 2 of the Lair of Beasts)
Missiles
 g - 24 boomerangs (quivered)
 B - 24 javelins
 H - 7 boomerangs of dispersal
 K - a throwing net
 L - 6 atropa-tipped darts
 Q - 7 silver boomerangs
Armour
 m - the +0 plate armour of the Leaping Gods {rN+ Dex+3}
   (Okawaru gifted it to you on level 15 of the Dungeon)

   Dex:       It affects your dexterity (+3).
   rN:        It protects you from negative energy.
 s - a +2 helmet (worn)
 w - a +7 plate armour of cold resistance (worn)
 G - the +2 pair of gloves of Okawaru's Fury (worn) {Int+3 Stlth+}
   (Okawaru gifted it to you on level 3 of the Spider Nest)

   Int:       It affects your intelligence (+3).
   Stlth:     It makes you more stealthy.
 O - a +0 cloak (worn)
 S - the +2 pair of boots of the Golden Sturgeon (worn) {SInv}
   (You found it on level 1 of the Vaults)

   SInv:      It lets you see invisible.
 U - a +3 kite shield of protection (worn)
Jewellery
 a - a ring of protection from fire
 b - a ring of see invisible
 c - an amulet of reflection (around neck)
 i - a ring of resist corrosion
 A - a ring of positive energy
 E - a ring of protection from cold
 F - a ring of willpower (left hand)
 V - a ring of willpower (right hand)
Wands
 h - a wand of digging (14)
 W - a wand of quicksilver (5)
 X - a wand of paralysis (22)
Scrolls
 f - 3 scrolls of fear
 j - 4 scrolls of silence
 l - 22 scrolls of teleportation
 o - 5 scrolls of fog
 p - 4 scrolls of magic mapping
 q - 4 scrolls of torment
 z - 5 scrolls of poison
 M - 5 scrolls of blinking
 R - 3 scrolls of immolation
 Y - 2 scrolls of amnesia
 Z - a scroll of brand weapon
Potions
 d - 5 potions of might
 e - 9 potions of attraction
 k - 3 potions of mutation
 n - 4 potions of magic
 r - 8 potions of ambrosia
 t - 5 potions of berserk rage
 u - 10 potions of curing
 v - 9 potions of haste
 x - 4 potions of cancellation
 D - 5 potions of invisibility
 J - 6 potions of heal wounds
 N - 2 potions of resistance
 P - 3 potions of brilliance
 T - 5 potions of lignification
Miscellaneous
 y - a tin of tremorstones (2/2)
 I - a condenser vane


   Skills:
 + Level 19.0(24.0) Fighting
 - Level 16.0(21.0) Maces & Flails
 - Level 12.0(17.0) Throwing
 + Level 14.2(19.2) Armour
 - Level 13.0(18.0) Dodging
 - Level 16.0(21.0) Shields
 - Level 11.0 Invocations


You had 19 spell levels left.
You didn't know any spells.
Your spell library contained the following spells:

 Spells                   Type           Power      Damage    Failure   Level
 Beastly Appendage        Tmut           0%         N/A       91%         1
 Blink                    Tloc           0%         N/A       97%         2
 Lesser Beckoning         Tloc           0%         N/A       97%         2
 Momentum Strike          Conj/Tloc      0%         3d8       97%         2
 Poisonous Vapours        Pois/Air       0%         N/A       97%         2
 Ignite Poison            Fire/Tmut/Pois 0%         N/A       99%         3
 Kindle Blastsparks       Fire/Tloc/Air  0%         2d10      99%         3
 Mephitic Cloud           Conj/Pois/Air  0%         N/A       99%         3
 Spider Form              Tmut/Pois      0%         N/A       99%         3
 Airstrike                Air            0%         2d(0-16)  100%        4
 Anguish                  Hex/Necr       0%         N/A       100%        4
 Cause Fear               Hex            0%         N/A       100%        4
 Dispel Undead            Necr           0%         3d6       100%        4
 Fulminant Prism          Conj/Hex       0%         3d5       100%        4
 Iskenderun's Mystic Bla  Conj/Tloc      0%         2d3       100%        4
 Manifold Assault         Tloc           0%         N/A       100%        4
 Passage of Golubria      Tloc           0%         N/A       100%        4
 Blade Hands              Tmut           0%         N/A       100%        5
 Borgnjor's Vile Clutch   Necr/Erth      0%         N/A       100%        5
 Freezing Cloud           Conj/Ice/Air   0%         6-21      100%        5
 Lee's Rapid Deconstruct  Erth           0%         3d4*      100%        5
 Plasma Beam              Fire/Air       0%         2x1d11    100%        5
 Silence                  Hex/Air        0%         N/A       100%        5
 Iron Shot                Conj/Erth      0%         9d1       100%        6
 Dragon Form              Tmut           0%         N/A       100%        7
 Enfeeble                 Hex            0%         N/A       100%        7
 Storm Form               Tmut/Air       0%         N/A       100%        7
 Lehudib's Crystal Spear  Conj/Erth      0%         10d2      100%        8
 Maxwell's Capacitive Co  Air            0%         ∞         100%        8
 Summon Small Mammal      Summ           Unusable   N/A       N/A         1
 Cigotuvi's Dreadful Rot  Necr/Pois/Air  Unusable   N/A       N/A         2
 Call Canine Familiar     Summ           Unusable   N/A       N/A         3
 Animate Armour           Summ/Erth      Unusable   N/A       N/A         4
 Animate Dead             Necr           Unusable   N/A       N/A         4
 Summon Lightning Spire   Summ/Air       Unusable   N/A       N/A         4
 Death Channel            Necr           Unusable   N/A       N/A         6
 Dragon's Call            Summ           Unusable   N/A       N/A         9

Dungeon Overview and Level Annotations

Branches:
Dungeon (15/15)            Temple (1/1) D:7            Lair (5/5) D:11
  Swamp (4/4) Lair:2       Spider (4/4) Lair:2        Slime (0/5) Lair:5
    Orc (2/2) D:12            Elf (0/3) Orc:2        Vaults (4/5) D:13
  Crypt (0/3) Vaults:2     Depths (0/4) D:15

Altars:
Ashenzari
Cheibriados
Dithmenos
Elyvilon
Fedhas
Gozag
Hepliaklqana
Kikubaaqudgha
Makhleb
Nemelex Xobeh
Okawaru
Qazlal
Ru
Sif Muna
Trog
Uskayaw
Vehumet
Wu Jian
Xom
Yredelemnul
Zin
The Shining One
Jiyva
Lugonu

Shops:
D:9 [   D:12 *   Orc:2 (=[*:

Portals:
Abyss: D:1

Annotations:
D:12 exclusions: oklob plant and oklob sapling
D:15 exclusion: obsidian statue
Swamp:3 3 runed translucent doors, 1 exclusion, Hoiryod's ghost, adept HuAE


Innate Abilities, Weirdness & Mutations

You are immune to sickness and miasma.
Your stone body is resilient. (AC +15)
You are immune to poison.
Your large and strong wings let you fly.
You resist negative energy. (rN+)
You are resistant to electric shocks. (rElec)
You are resistant to unholy torment.
You are immune to petrification.


Message History

The vault warden hits you from afar with a +0 bardiche!!!
The vault guard hits you but does no damage.
The vault warden misses you.
Unknown command.
You gain the combat prowess of a mighty hero.
You block the centaur warrior's attack. x2
The centaur warrior hits you but does no damage.
You block the centaur warrior's attack.
The vault guard hits you but does no damage.
The ironbound convoker casts a spell at the yaktaur.
The yaktaur seems to grow stronger.
The vault warden hits you but does no damage.
The vault warden misses you.
You hit the ironbound convoker.
The ironbound convoker is almost dead.
The centaur warrior hits you but does no damage.
The centaur warrior kicks you but does no damage.
You block the vault guard's attack.
The ironbound convoker casts a spell at the centaur warrior.
The centaur warrior seems to grow stronger.
The vault warden activates a sealing rune.
The vault warden closely misses you.
You barely miss the ironbound convoker.
The ironbound convoker is almost dead.
The centaur warrior barely misses you. You block the centaur warrior's attack.
You bludgeon the ironbound convoker!!
You kill the ironbound convoker!
Okawaru accepts your kill.
You block the centaur warrior's attack. x2
The vault warden hits you with a +0 battleaxe.
You block the vault guard's attack.
The vault warden hits you from afar with a +0 bardiche!!
* * * LOW HITPOINT WARNING * * *
You can now deal lightning-fast blows.
You block the centaur warrior's attack.
The centaur warrior kicks you but does no damage.
You block the vault warden's attack. You block the yaktaur's attack.
You block the vault guard's attack.
The vault warden hits you from afar with a +0 bardiche!!!
You die...

,,,,,* ##........>..#* * ,,,,,*
##......)..#* * ,,,,,*
###...).### * ,,,,,* #####+######
* ,,,∩,* *#####*#......# * ,,,,,*
*....$.#......# * ,,,,,*
*......#......#### ***** ,,,,,*
*......)pp....#..#***,,,* **+***
*.....pc@.....#..+,,+,,,* ,,,,,*
*......#)c"...+..#,,**+** ,,,,,*
*.....,########*+#*+*,,* ,,,,,*
*....,,* *,,*,*,,*
,,,,,****##+************,,****+**
,,,,,+,*,,,,,*,,,,,*,,**+**,,*,,*
,,,,,*,,,*,,,,,*,,,,,,*,,,+,,+,,*
,,,,,*,,,,,**,,,,**,,,+^,,****,,*
******,,*,,,^,*,,,,,*,***** ****


You could see 2 vault wardens, a vault guard (strong), a centaur warrior
(strong) and a yaktaur (strong).

Vanquished Creatures
  Saint Roka (Vaults:1)
  Jorgrun (D:14)
  A titan (Vaults:2)
  A sphinx (Vaults:3)
  2 thorn hunters (Swamp:4)
  A deep elf sorcerer (Vaults:2)
  2 frost giants
  4 ghost moths
  Aizul (Vaults:1)
  An emperor scorpion (Spider:4)
  A balrug (D:11)
  10 vault wardens
  The ghost of M4edhros the Black Belt, a journeyman OpAr of Cheibriados (Spider:1)
  Louise (Spider:2)
  4 very ugly things (Vaults:3)
  9 broodmothers
  10 ironbound preservers
  8 ironbound thunderhulks
  A vampire knight (D:13)
  7 dire elephants
  An eleionoma (Swamp:4)
  4 spark wasps
  3 bunyips
  Snorg (Orc:2)
  2 yaktaur captains
  An ettin (Orc:2)
  2 shambling mangroves (Swamp:4)
  4 great orbs of eyes
  Josephine (D:14)
  4 entropy weavers
  11 vault guards
  Harold (D:11)
  24 hydras
  An ogre mage (Vaults:3)
  3 death knights (D:13)
  7 two-headed ogres
  A radroach (Spider:1)
  6 ironbound frosthearts
  2 ghost crabs (Swamp:4)
  2 catoblepae
  3 jorogumos
  10 boulder beetles
  A death scarab (Spider:4)
  7 centaur warriors
  Erica (D:8)
  14 alligators
  A deep troll earth mage (Vaults:1)
  Urug (Lair:3)
  5 death yaks (Lair:5)
  A deep troll shaman (Lair:5)
  11 spriggans
  A pharaoh ant (Spider:2)
  3 goliath frogs
  32 deep trolls
  6 skeletal warriors
  A storm dragon skeleton (Vaults:2)
  2 spriggan druids
  6 swamp dragons (Swamp:4)
  5 lindwurms
  3 wizards
  13 orb spiders
  9 bog bodies
  3 harpies (Vaults:2)
  A deep elf archer (D:13)
  A glowing orange brain (Vaults:3)
  4 steelbarb worms
  5 orc knights
  2 necromancers
  8 ironbound convokers
  2 deep elf pyromancers (D:14)
  A phantasmal warrior (Vaults:3)
  2 spectral ice dragons (D:13)
  13 ugly things
  6 cyclopes
  A will-o-the-wisp (Swamp:3)
  2 shadow dragon skeletons (Vaults:2)
  19 elephants
  11 orc sorcerers
  4 stone giant skeletons (Vaults:2)
  5 moths of wrath
  19 wolf spiders
  5 black mambas
  A fire giant skeleton (Vaults:2)
  2 spectral centaurs (D:13)
  2 manticores (D:11)
  10 centaur zombies
  7 vault sentinels
  5 torpor snails
  Maurice (D:8)
  A frost giant skeleton (Vaults:2)
  7 demonic crawlers
  11 cane toads
  Maggie (D:8)
  5 centaur skeletons
  2 gargoyles
  2 naga magi (D:15)
  2 unseen horrors
  A tengu conjurer (D:14)
  2 kobold demonologists (D:12)
  6 komodo dragons
  An efreet (D:13)
  25 yaktaurs
  A rime drake (Lair:2)
  14 freezing wraiths
  3 spectral deep trolls (D:13)
  The ghost of Zigma the Ruffian, an amateur DrMo (D:4)
  5 polar bears
  9 trolls
  A wolf spider simulacrum (D:15)
  A bloated husk (Swamp:4)
  5 meliai
  21 tarantellas
  10 tyrant leeches
  14 hornets
  7 slime creatures
  6 meliai zombies
  14 blink frogs
  20 culicivoras
  3 flying skulls (D:13)
  38 jumping spiders
  An elf skeleton (Vaults:2)
  11 shadows
  4 centaur simulacra
  10 vampires
  An ettin skeleton (Vaults:2)
  11 wraiths
  A wyvern (Lair:3)
  37 yaks
  7 basilisks
  6 humans (D:7)
  33 redbacks
  9 vampire mosquitoes
  3 steam dragons
  A swamp worm (shapeshifter) (Vaults:3)
  16 swamp worms
  10 wargs
  Duvessa (D:6)
  7 acid dragons
  6 hell hounds (D:13)
  A meliai simulacrum (D:10)
  A black bear (Lair:5)
  2 glowing shapeshifter skeletons (Vaults:2)
  13 water moccasins
  12 orc warriors
  7 swamp drakes
  An ice dragon simulacrum (D:13)
  An ice beast (D:7)
  19 wolves
  17 centaurs
  6 ogres
  5 boggarts (Vaults:1)
  4 phantoms
  3 kobold brigands
  3 scorpions (D:5)
  5 bullfrogs
  3 gnoll sergeants
  A human skeleton (Vaults:2)
  A deep troll simulacrum (D:13)
  Dowan (D:6)
  11 wights
  11 killer bees (D:9)
  4 electric eels
  11 howler monkeys
  2 quasits (D:1)
  6 hounds
  3 jellies
  14 orc priests
  A gnoll bouda (D:10)
  A sleepcap (D:6)
  3 iron imps (D:1)
  3 iguanas
  36 orc wizards
  27 gnolls
  11 adders
  4 shadow imps (D:1)
  7 white imps
  3 worms (D:2)
  2 dart slugs (D:1)
  72 orcs
  17 ball pythons
  6 bats
  6 endoplasms
  6 giant cockroaches
  6 goblins
  9 hobgoblins
  A jackal (D:1)
  18 kobolds
  2 quokkas
  3 frilled lizards
  9 rats
1261 creatures vanquished.

Vanquished Creatures (others)
  A swamp dragon (Swamp:4)
  A goliath frog (Swamp:2)
  A demonic crawler (Spider:2)
  A yaktaur (Vaults:3)
  2 bloated husks
  2 jumping spiders
  A swamp worm (Swamp:2)
  2 orcs (Orc:2)
  A bush (D:12)
  15 fungi
  22 plants
  4 withered plants (D:11)
53 creatures vanquished.

Grand Total: 1314 creatures vanquished

Notes
Turn   | Place    | Note
-------+----------+-------------------------------------------
     0 | D:1      | Slimysquid the Gargoyle Fighter began the quest for the
                  | Orb.
     0 | D:1      | Reached XP level 1. HP: 14/14 MP: 1/1
    58 | D:1      | Found a large runed translucent door.
    58 | D:1      | Found a large runed translucent door.
    58 | D:1      | Found a one-way gate to the infinite horrors of the Abyss.
    58 | D:1      | Noticed a quasit
    99 | D:1      | Noticed an iron imp
   100 | D:1      | Found a corrupted altar of Lugonu.
   100 | D:1      | Noticed a quasit
   100 | D:1      | Noticed an iron imp
   119 | D:1      | Reached XP level 2. HP: 18/19 MP: 2/2
   600 | D:1      | Reached XP level 3. HP: 12/24 MP: 3/3
  1169 | D:2      | Reached skill level 4 in Fighting
  1248 | D:2      | Reached XP level 4. HP: 29/29 MP: 4/4
  2291 | D:3      | Found a sparkling altar of Nemelex Xobeh.
  2291 | D:3      | Found a glowing silver altar of Zin.
  2644 | D:3      | Reached XP level 5. HP: 34/34 MP: 5/5
  3238 | D:4      | Reached skill level 5 in Maces & Flails
  3322 | D:4      | Reached XP level 6. HP: 40/40 MP: 6/6
  3336 | D:4      | Reached skill level 5 in Fighting
  3444 | D:4      | Noticed Zigma's ghost (amateur DrMo)
  3445 | D:4      | Found a transporter.
  3449 | D:4      | Found a transporter.
  3718 | D:5      | Entered Level 5 of the Dungeon
  3889 | D:5      | Reached XP level 7. HP: 44/44 MP: 7/7
  4529 | D:5      | Reached XP level 8. HP: 40/49 MP: 8/8
  4841 | D:5      | Reached skill level 1 in Throwing
  5886 | D:6      | Noticed Duvessa
  5886 | D:6      | Noticed Dowan
  5892 | D:6      | Killed Dowan
  5907 | D:6      | Killed Duvessa
  5908 | D:6      | Reached skill level 10 in Maces & Flails
  6123 | D:6      | Reached XP level 9. HP: 48/54 MP: 9/9
  6584 | D:7      | Found a blossoming altar of Fedhas.
  6691 | D:7      | Found a basalt altar of Yredelemnul.
  7305 | D:7      | Reached skill level 6 in Fighting
  7439 | D:7      | Reached skill level 7 in Fighting
  7563 | D:7      | Reached XP level 10. HP: 63/63 MP: 10/10
  7675 | D:7      | Found a faded altar of an unknown god.
  7675 | D:7      | Found a hazy altar of Hepliaklqana.
  7684 | D:7      | Found a faded altar of an unknown god.
  7892 | D:7      | Found a staircase to the Ecumenical Temple.
  7908 | Temple   | Entered the Ecumenical Temple
  8312 | D:8      | Found an iron altar of Okawaru.
  8319 | D:8      | Became a worshipper of Warmaster Okawaru
  8369 | D:8      | Reached skill level 8 in Fighting
  8407 | D:8      | Reached * piety under Okawaru
  8537 | D:8      | Noticed Maggie
  8545 | D:8      | Killed Maggie
  8629 | D:8      | Noticed Maurice
  8637 | D:8      | Killed Maurice
  8649 | D:8      | Reached skill level 9 in Fighting
  8773 | D:8      | Noticed Erica
  8800 | D:8      | Killed Erica
  8800 | D:8      | Reached ** piety under Okawaru
  9702 | D:4      | Killed Zigma's ghost
  9703 | D:4      | Reached skill level 10 in Fighting
 10013 | D:9      | Reached *** piety under Okawaru
 10020 | D:9      | Reached XP level 11. HP: 38/72 MP: 11/11
 10141 | D:9      | Found Awenn's Armour Shoppe.
 10149 | D:9      | Bought a +2 kite shield of protection for 365 gold pieces
 10361 | D:9      | Found an ornate altar of the Wu Jian Council.
 10843 | D:9      | Reached skill level 11 in Fighting
 10966 | D:9      | Reached **** piety under Okawaru
 11201 | D:10     | Entered Level 10 of the Dungeon
 11330 | D:9      | Reached skill level 1 in Invocations
 11530 | D:10     | Noticed a two-headed ogre
 11547 | D:10     | Killed a two-headed ogre
 11689 | D:10     | Upgraded the game from 0.30-a0-923-g828ccac5a3 to
                  | 0.30-a0-928-g7f6bbad527
 11827 | D:10     | Found a stormy altar of Qazlal.
 11840 | D:10     | Found a shadowy altar of Dithmenos.
 11945 | D:10     | Reached ***** piety under Okawaru
 12121 | D:10     | Received a gift from Okawaru
 12375 | D:11     | Noticed Harold
 12388 | D:11     | Killed Harold
 12389 | D:11     | Reached skill level 15 in Maces & Flails
 12482 | D:11     | Reached XP level 12. HP: 80/80 MP: 15/15
 12576 | D:11     | Identified the +2 ring mail of Fortitude {rN+}
 12589 | D:11     | Reached skill level 5 in Invocations
 12754 | D:11     | Received a gift from Okawaru
 13001 | D:11     | Reached skill level 5 in Shields
 13032 | D:11     | Found a staircase to the Lair.
 13107 | D:11     | Reached skill level 1 in Dodging
 13199 | D:11     | Found a runed translucent door.
 13202 | D:11     | Noticed a balrug
 13226 | D:11     | Killed a balrug
 13376 | D:11     | Received a gift from Okawaru
 13624 | Lair:1   | Entered Level 1 of the Lair of Beasts
 13702 | Lair:1   | Reached XP level 13. HP: 84/84 MP: 17/17
 14746 | Lair:2   | Received a gift from Okawaru
 15006 | Lair:2   | Reached skill level 10 in Shields
 15404 | Lair:2   | Found a hole to the Spider Nest.
 15744 | Lair:2   | Reached skill level 5 in Dodging
 15888 | Lair:2   | Received a gift from Okawaru
 15888 | Lair:2   | Found the +7 sceptre of Torment {pain, torment}
 15894 | Lair:2   | Found a staircase to the Swamp.
 16512 | Lair:3   | Identified the +1 scale mail "Fionoh" {rPois}
 16590 | Lair:3   | Identified the +7 trident of Irritation {freeze, rElec rF+
                  | rCorr}
 17073 | Lair:4   | Reached ****** piety under Okawaru
 17139 | Lair:4   | Identified the +4 scale mail of Miforem {Rampage Regen+
                  | rCorr MP+9}
 17196 | Lair:4   | Gained mutation: Your large and strong wings let you fly.
                  | [Gargoyle growth]
 17196 | Lair:4   | Reached XP level 14. HP: 90/90 MP: 18/18
 17201 | Lair:4   | Noticed Urug
 17212 | Lair:3   | Identified the +0 plate armour of Gestures {rPois Dex+5}
                  | (Okawaru gifted it to you on level 3 of the Lair of Beasts)
 17212 | Lair:3   | Received a gift from Okawaru
 17289 | Lair:3   | Killed Urug
 18023 | Lair:5   | Entered Level 5 of the Lair of Beasts
 18272 | Lair:5   | Found a viscous altar of Jiyva.
 18275 | Lair:5   | Found a staircase to the Slime Pits.
 18525 | Lair:5   | Identified the +8 short sword of Yrurchoirph {freeze, rElec
                  | rF- Int-4 SInv}
 18573 | Lair:5   | Received a gift from Okawaru
 18699 | Lair:5   | Reached skill level 5 in Throwing
 18704 | Lair:5   | Received a gift from Okawaru
 19183 | D:12     | Reached skill level 10 in Invocations
 19402 | D:12     | Found Wacviapy's Assorted Antiques.
 19415 | D:12     | Bought a pink potion for 27 gold pieces
 19415 | D:12     | Bought a fizzy dark potion for 27 gold pieces
 19415 | D:12     | Bought a fizzy green potion for 27 gold pieces
 19512 | D:12     | Found a staircase to the Orcish Mines.
 19878 | D:12     | Reached XP level 15. HP: 94/95 MP: 22/22
 19935 | D:12     | Got the Compilation of Nature
 20208 | D:13     | Identified the +8 quarterstaff "Leliub Ren" {flame, Str+4
                  | Stlth+} (Okawaru gifted it to you on level 13 of the
                  | Dungeon)
 20208 | D:13     | Received a gift from Okawaru
 20360 | D:13     | Reached skill level 12 in Fighting
 20759 | D:13     | Reached skill level 13 in Fighting
 20760 | D:13     | Upgraded the game from 0.30-a0-928-g7f6bbad527 to
                  | 0.30-a0-936-ge0d47acfc0
 20803 | D:13     | Found a gate to the Vaults.
 21063 | D:13     | Received a gift from Okawaru
 21345 | D:13     | Found an ancient bone altar of Kikubaaqudgha.
 21357 | D:13     | Received a gift from Okawaru
 21548 | D:14     | Noticed Jorgrun
 21565 | D:14     | Killed Jorgrun
 21565 | D:14     | Received a gift from Okawaru
 21786 | D:14     | Reached skill level 14 in Fighting
 22215 | D:14     | Identified the +6 shortbow "Yruryuq" {elec, +Blink Str+4
                  | Dex-2}
 22238 | D:14     | Noticed Josephine
 22256 | D:14     | Killed Josephine
 22349 | D:14     | Found a burning altar of Makhleb.
 22443 | D:15     | Entered Level 15 of the Dungeon
 22456 | D:15     | Reached XP level 16. HP: 107/107 MP: 22/24
 22464 | D:15     | Received a gift from Okawaru
 22623 | D:15     | Identified the +0 ring mail "Safes" {*Corrode Fly Str+3
                  | Dex+2}
 22943 | D:15     | Identified the +0 plate armour of the Leaping Gods {rN+
                  | Dex+3} (Okawaru gifted it to you on level 15 of the
                  | Dungeon)
 22943 | D:15     | Received a gift from Okawaru
 22944 | D:15     | Reached skill level 15 in Fighting
 23377 | D:15     | Found a staircase to the Depths.
 23485 | Orc:1    | Entered Level 1 of the Orcish Mines
 23767 | Orc:2    | Entered Level 2 of the Orcish Mines
 23960 | Orc:2    | Found Sureg's Antique Armour Emporium.
 23960 | Orc:2    | Found Laiwugg's Jewellery Boutique.
 24064 | Orc:2    | Found Ecoynleo's Antique Weapon Shop.
 24232 | Orc:2    | Noticed Snorg
 24245 | Orc:2    | Killed Snorg
 24547 | Orc:2    | Found a staircase to the Elven Halls.
 24659 | Orc:2    | Found Jootuz's General Store.
 24659 | Orc:2    | Found Lotoscheir's Book Emporium.
 24681 | Orc:2    | Bought a scroll of identify for 24 gold pieces
 24682 | Orc:2    | Bought a scroll of identify for 24 gold pieces
 24683 | Orc:2    | Bought a potion of heal wounds for 60 gold pieces
 24876 | Orc:2    | Bought a ring of willpower for 300 gold pieces
 25053 | Swamp:1  | Entered Level 1 of the Swamp
 25134 | Swamp:1  | Reached skill level 10 in Throwing
 25354 | Swamp:1  | Reached skill level 16 in Fighting
 25358 | Swamp:1  | Identified the +11 double sword of Vodka {freeze, rF+
                  | rCorr} (Okawaru gifted it to you on level 1 of the Swamp)
 25358 | Swamp:1  | Received a gift from Okawaru
 25821 | Swamp:2  | Reached skill level 5 in Armour
 26200 | Swamp:2  | Reached XP level 17. HP: 109/115 MP: 25/25
 26527 | Swamp:3  | Received a gift from Okawaru
 26623 | Swamp:3  | Received a gift from Okawaru
 26683 | Swamp:3  | Found a runed translucent gate.
 26683 | Swamp:3  | Found a runed translucent gate.
 26684 | Swamp:3  | Found a runed translucent gate.
 26688 | Swamp:3  | Noticed Hoiryod's ghost (adept HuAE)
 26906 | Swamp:4  | Entered Level 4 of the Swamp
 26972 | Swamp:4  | Received a gift from Okawaru
 27590 | Swamp:4  | Got a decaying rune of Zot
 28159 | Spider:1 | Entered Level 1 of the Spider Nest
 28235 | Spider:1 | Found a transporter.
 28532 | Spider:1 | Noticed M4edhros's ghost (journeyman OpAr)
 28567 | Spider:1 | Found a transporter.
 28806 | Spider:1 | Reached skill level 10 in Armour
 28806 | Spider:1 | Reached skill level 10 in Dodging
 29259 | Spider:1 | Received a gift from Okawaru
 29305 | Spider:1 | Killed M4edhros's ghost
 29353 | Spider:1 | Identified the ring "Jegiefuf" {rPois rN+ Slay+2}
 29528 | Spider:2 | Reached XP level 18. HP: 120/120 MP: 26/26
 30183 | Spider:2 | Received a gift from Okawaru
 30270 | Spider:2 | Noticed Louise
 30298 | Spider:2 | Killed Louise
 30808 | Spider:3 | Identified the +2 pair of gloves of Okawaru's Fury {Int+3
                  | Stlth+} (Okawaru gifted it to you on level 3 of the Spider
                  | Nest)
 30808 | Spider:3 | Received a gift from Okawaru
 31446 | Spider:4 | Entered Level 4 of the Spider Nest
 32424 | Spider:4 | Reached skill level 15 in Shields
 32840 | Spider:4 | Got a gossamer rune of Zot
 33235 | Vaults:1 | Entered Level 1 of the Vaults
 33335 | Vaults:1 | Reached XP level 19. HP: 125/125 MP: 27/27
 33636 | Vaults:1 | Noticed Aizul
 33650 | Vaults:1 | Killed Aizul
 33759 | Vaults:1 | Identified the +7 glaive of Pabetepn {freeze, Str+5}
 33839 | Vaults:1 | Received a gift from Okawaru
 33900 | Vaults:1 | Noticed Saint Roka
 33922 | Vaults:1 | Killed Saint Roka
 34105 | Vaults:1 | Received a gift from Okawaru
 34479 | Vaults:1 | Identified the +2 pair of boots of the Golden Sturgeon
                  | {SInv}
 35354 | Vaults:2 | Received a gift from Okawaru
 35536 | Vaults:2 | Reached skill level 17 in Fighting
 35805 | Vaults:2 | Received a gift from Okawaru
 36848 | Vaults:2 | Found a staircase to the Crypt.
 37540 | Vaults:3 | Upgraded the game from 0.30-a0-936-ge0d47acfc0 to
                  | 0.30-a0-939-gc8157cb160
 37680 | Vaults:3 | Reached XP level 20. HP: 136/136 MP: 28/28
 37692 | Vaults:3 | Received a gift from Okawaru
 37700 | Vaults:3 | Reached skill level 18 in Fighting
 38082 | Vaults:3 | Received a gift from Okawaru
 38429 | Vaults:3 | Received a gift from Okawaru
 38886 | Vaults:3 | Identified the +1 pair of gloves of the Wild Haggis {*Slow
                  | rPois Int+2} (Okawaru gifted it to you on level 3 of the
                  | Vaults)
 38886 | Vaults:3 | Received a gift from Okawaru
 39303 | Vaults:4 | Reached skill level 19 in Fighting
 39342 | Vaults:4 | Slain by a vault warden

Illustrated notes

Levels and vault maps discovered:
D:1:      erik_arrival_cave_to_civilisation [erik_arrival_cave_to_temple],
          layout_loops_ring
D:2:      layout_loops_cross
D:3:      layout_loops_ring, gammafunk_temple_overflow_pools
D:4:      minmay_angry_zag, layout_rooms, gammafunk_ghost_smash
D:5:      layout_basic, minmay_misc_feat_columns
D:6:      dreamdust_elfheim, layout_gridville
D:7:      layout_basic, mainiacjoe_overflow_six_doors_small,
          amcnicky_altar_gilded, nicolae_hepliaklqana_ecumenical_no_more,
          temple_hall, dk_noncrumbling_4, minmay_ruffians
D:8:      layout_basic, mainiacjoe_overflow_chevrons, uniq_erica, uniq_maurice,
          uniq_maggie
D:9:      layout_roguey, lemuel_coloured_pillars_altar, serial_shops,
          nicolae_square_shop
D:10:     layout_roguey, mainiacjoe_overflow_catwalk_spiral, serial_ice,
          serial_ice_k, serial_ice_c, serial_ice_o, serial_ice_b, serial_ice_m,
          serial_ice_g
D:11:     dreamdust_dug_too_deep, layout_irregular_city, lair_entry_dummy,
          serial_undead, serial_undead_b, serial_undead_b, serial_undead_f,
          serial_undead_e, serial_undead_c, serial_undead_e, serial_undead_a,
          serial_undead_d, serial_undead_e, serial_undead_d, uniq_harold
D:12:     layout_long_grid, david_orc_1_choice, serial_shops,
          kennysheep_little_box, introduction_to_nature_2
D:13:     lemuel_vampire_tower, layout_stronghold, grunt_vaults_entry_fortified
D:14:     layout_grid_maze, minmay_misc_feat_secret_circle,
          makhleb_altar_promises_db, uniq_josephine, uniq_jorgrun
D:15:     grunt_enter_depths_magical_seal, layout_long_grid,
          serial_park_square2, minmay_protected_statue
Temple:   oiseaux_autumnal_temple
Lair:1:   layout_cave_pods, serial_bayou_pond_d
Lair:2:   layout_regular_city, nicolae_swamp_entry_splash_gauntlet,
          nicolae_spider_entry_tight_spaces, nzn_sisyphean_effort,
          serial_bayou_shore_a, infiniplex_staircase_pool_2, grunt_megastairs_2
Lair:3:   layout_concentric_octagons
Lair:4:   layout_cellular_growth, uniq_urug
Lair:5:   grunt_lair_end_beastmaster, layout_gridlike,
          dpeg_slime_entry_enclosed, nicolae_quartered_pool_medium,
          ldierk_geyser, minmay_hedge_maze
Swamp:1:  layout_falls_marsh, evilmike_swamp_ruin_rubble_1, swamp_pool1
Swamp:2:  layout_basic_swamp, serial_swamp_ruin, evilmike_swamp_ruin_house_6,
          evilmike_swamp_ruin_rubble_2, evilmike_swamp_ruin_house_1
Swamp:3:  layout_falls_marsh, ebering_ghost_rock_garden,
          evilmike_swamp_ruin_house_4
Swamp:4:  swamp, layout_basic_swamp
Spider:1: layout_spider_delve, gammafunk_ghost_berserking_beasts,
          hangedman_spider_tarantella_strand
Spider:2: layout_spider_delve, uniq_louise
Spider:3: layout_spider_delve
Spider:4: hellmonk_spider_rune_endless_swarm, nicolae_spider_claw_tunnel
Orc:1:    layout_caves
Orc:2:    st_orc_town, layout_caves, serial_shops, nicolae_shop_statue_plus,
          uniq_snorg
Vaults:1: v_rooms_3, v_misc_2, vaults_room_hangedman_quadrants,
          grunt_vaults_hallway_short, nicolae_vaults_little_squares_1,
          ontoclasm_vaults_tryst, layout_vaults_omnigrid, uniq_aizul,
          uniq_saint_roka
Vaults:2: minmay_crypt_entry_skeletal_spiral, vaults_room_grid, v_alt_pattern_1,
          grunt_vaults_focal, grunt_vaults_hallway_long, kb_rosetta,
          nicolae_vaults_specimen_jars, nicolae_vaults_angled_halls,
          vaults_standard_mumra_enter_the_diamond,
          nicolae_vaults_little_squares_2, vaults_dpeg_encased_lava,
          nicolae_vaults_alarming, nicolae_vaults_what_the_h, vaults_dpeg_ring,
          layout_vaults_big_room
Vaults:3: nicolae_vaults_an_arrangement, nicolae_vaults_circle_grid_a,
          vaults_room_large_hall, v_rooms_2, nicolae_vaults_bisected_slash,
          nicolae_vaults_shelves_hall, v_misc_22,
          nicolae_vaults_mini_display_case, grunt_vaults_hallway_short,
          vaults_room_pools, nicolae_vaults_little_squares_2, v_misc_9,
          vaults_dpeg_diagonal, layout_vaults_omnibox
Vaults:4: nicolae_vaults_stairing_the_circle, v_pattern_2,
          nicolae_vaults_little_squares_1, hangedman_vaults_trim,
          hangedman_vaults_maws, hangedman_vaults_stitches,
          nicolae_vaults_little_squares_4, vaults_mumra_lcd,
          nicolae_vaults_border_crossing, vaults_room_large_hall,
          nicolae_vaults_hallways_thing, grunt_vaults_diagonal,
          layout_vaults_maze_snakey, serial_shops, bzr_in_the_mist

Skill      XL: |  1  2  3  4  5  6  7  8  9 10 11 12 13 14 15 16 17 18 19 20 |
---------------+-------------------------------------------------------------+-----
Maces & Flails | 3 4 5 6 8 10 11 13 15 16 | 16.0
Fighting       | 4 5 7 10 11 14 16 17 19 | 19.0
Throwing       | 3 5 8 11 12 | 12.0
Invocations    | 4 6 10 11 | 11.0
Shields        | 8 12 15 16 | 16.0
Dodging        | 3 6 8 9 10 12 13 | 13.0
Armour         | 5 10 12 14 | 14.2

Action                     |  1- 3 |  4- 6 |  7- 9 | 10-12 | 13-15 | 16-18 | 19-21 || total
---------------------------+-------+-------+-------+-------+-------+-------+-------++-------
  Melee: Flail             |   115 |   182 |   403 |   533 |       |       |       ||  1233
         Mace              |       |       |       |    49 |       |       |       ||    49
         Morningstar       |       |       |       |   302 |   259 |       |       ||   561
         Eveningstar       |       |       |       |       |   906 |  1587 |   769 ||  3262
  Throw: Boomerang         |    12 |    20 |     9 |    43 |    95 |   199 |    83 ||   461
         Dart              |       |     1 |     4 |    10 |     1 |       |       ||    16
         Throwing net      |       |     1 |     4 |       |     2 |       |       ||     7
         Stone             |       |       |    13 |    18 |       |       |       ||    31
         Javelin           |       |       |     4 |     2 |       |       |       ||     6
 Invoke: Heroism           |       |       |       |     3 |     9 |    16 |     3 ||    31
         Finesse           |       |       |       |     1 |     3 |    11 |     1 ||    16
  Evoke: Tin of tremorston |       |       |       |       |       |     2 |       ||     2
    Use: Scroll            |       |     3 |     3 |    12 |    15 |     4 |     6 ||    43
         Potion            |       |       |       |     6 |     1 |     4 |       ||    11
   Stab: Held in net/web   |       |     1 |       |       |     2 |       |       ||     3
         Petrifying        |       |       |       |       |     2 |       |       ||     2
         Distracted        |       |       |       |       |       |       |     1 ||     1
 Armour: Scale mail        |    53 |    83 |   195 |   534 |       |       |       ||   865
         Chain mail        |       |       |       |   123 |   577 |   900 |    14 ||  1614
         Plate armour      |       |       |       |       |       |       |   281 ||   281
  Dodge: Dodged            |    50 |    72 |   129 |   314 |   357 |   551 |   133 ||  1606
  Block: Buckler           |    18 |    37 |    79 |    62 |       |       |       ||   196
         Kite shield       |       |       |       |   327 |   709 |  1172 |   531 ||  2739
         Reflection        |       |       |       |       |       |       |    26 ||    26

Table legend: (Time is in decaauts)
 A = Elapsed time spent in this place.
 B = Non-inter-level travel time spent in this place.
 C = Inter-level travel time spent in this place.
 D = Time resting spent in this place.
 E = Time spent auto-exploring this place.
 F = Levels seen in this place.
 G = Mean time per level.
                   A        B        C        D        E       F      G
               +--------+--------+--------+--------+--------+-----+--------+
         Total |  38521 |  35325 |   3196 |   4142 |  20833 |  35 | 1100.6 |
       Dungeon |  17952 |  16154 |   1798 |   2338 |   8849 |  15 | 1196.8 |
        Temple |    286 |    253 |     33 |      0 |    239 |   1 |  286.0 |
          Lair |   5396 |   4903 |    493 |    372 |   3231 |   5 | 1079.2 |
         Swamp |   2915 |   2760 |    155 |    497 |   1443 |   4 |  728.8 |
   Spider Nest |   4707 |   4336 |    371 |    222 |   2699 |   4 | 1176.8 |
  Orcish Mines |   1431 |   1276 |    155 |     10 |    821 |   2 |  715.5 |
        Vaults |   5831 |   5643 |    188 |    702 |   3550 |   4 | 1457.8 |
               +--------+--------+--------+--------+--------+-----+--------+

Top non-repeatable levels by time:
Vaults:1: 2289 daAuts
Vaults:2: 1809 daAuts
Vaults:3: 1670 daAuts
     D:6: 1635 daAuts
  Lair:2: 1540 daAuts
Spider:4: 1525 daAuts
     D:7: 1487 daAuts
    D:13: 1427 daAuts
    D:11: 1399 daAuts
     D:1: 1361 daAuts
     D:9: 1282 daAuts
     D:3: 1266 daAuts
Spider:1: 1235 daAuts
     D:8: 1212 daAuts
     D:5: 1184 daAuts
